 Dungeon Crawl Stone Soup version 0.26.0-10-g1f06aea511 (webtiles) character file.

Game seed: 2560700910858012659

358516 Aviak the Scorcher (level 21, -9/206 (231) HPs)
             Began as a Red Draconian Fire Elementalist on Jan 14, 2021.
             Was a High Priest of Sif Muna.
             Mangled by an ettin
             ... wielding a +0 dire flail
              (38 damage)
             ... on level 5 of the Vaults.
             The game lasted 02:38:41 (68841 turns).

Aviak the Scorcher (DrFE)                          Turns: 68841, Time: 02:38:42

HP:   -9/206 (231)  AC: 30    Str: 19    XL:     21   Next: 44%
MP:   15/39         EV: 17    Int: 26    God:    Sif Muna [*****.]
Gold: 4854          SH: 15    Dex: 13    Spells: 1/48 levels left

rFire    + + +     SeeInvis .   F - +9 demon trident (flame)
rCold    + . .     Faith    .   Y - +1 kite shield {reflect}
rNeg     + . .     Spirit   .   (armour unavailable)
rPois    ∞         Reflect  +   (helmet restricted)
rElec    +         Harm     .   b - +2 cloak
rCorr    .         Rampage  .   (gloves currently unavailable)
Will     +....                  (boots currently unavailable)
Stlth    ++........             n - amulet "Oroosiy" {Acrobat rC+ Int+4}
HPRegen  0.44/turn              K - ring of Rayrix {rPois rF++}
MPRegen  0.26/turn              W - ring of Ecwin {Wiz Str+6}

@: statue-form, slowed, heavily drained, very slow
A: (breathe fire), unfitting armour, fire resistance 1, cold-blooded, AC +11
}: 2/15 runes: serpentine, barnacled
a: End Transformation, Renounce Religion, Channel Magic, Forget Spell, Divine
Exegesis


You were on level 5 of the Vaults.
You worshipped Sif Muna.
Sif Muna was extremely pleased with you.
You were a stone statue.
You visited 7 branches of the dungeon, and saw 37 of its levels.
You also visited: Trove, Sewer, Ice Cave and Desolation.

You collected 7373 gold pieces.
You spent 2519 gold pieces at shops.

Inventory:

Hand Weapons
 F - a +9 demon trident of flaming (weapon)
Armour
 a - a +2 pair of boots (melded)
 b - a +2 cloak (worn)
 k - a +2 pair of gloves of strength (melded)
 L - a +0 kite shield of fire resistance
 Y - a +1 kite shield of reflection (worn)
Jewellery
 n - the amulet "Oroosiy" (around neck) {Acrobat rC+ Int+4}
   (You took it off a deep elf mage on level 13 of the Dungeon)

   [amulet of the acrobat]

   It helps you evade while moving and waiting.
   It affects your intelligence (+4).
   It protects you from cold.
 A - an uncursed ring of protection from cold
 K - the ring of Rayrix (left hand) {rPois rF++}
   (You found it in a treasure trove)

   [ring of poison resistance]

   It greatly protects you from fire.
   It protects you from poison.
 S - a +4 ring of protection
 W - the ring of Ecwin (right hand) {Wiz Str+6}
   (You acquired it on level 3 of the Snake Pit)

   [ring of wizardry]

   It improves your spell success rate.
   It affects your strength (+6).
 Z - an uncursed ring of see invisible
Wands
 q - a wand of digging (16)
 C - a wand of polymorph (3)
 J - a wand of iceblast (24)
 O - a wand of disintegration (40)
 U - a wand of enslavement (3)
 X - a wand of acid (11)
Scrolls
 d - a scroll of silence {!r}
 g - 7 scrolls of immolation
 i - 8 scrolls of identify
 m - 3 scrolls of enchant weapon
 r - 14 scrolls of remove curse
 t - 9 scrolls of teleportation
 u - 3 scrolls of fog
 v - 3 scrolls of holy word
 w - 6 scrolls of enchant armour
 y - 3 scrolls of magic mapping
 H - 11 scrolls of amnesia
 R - 2 scrolls of fear
Potions
 c - 2 potions of curing
 e - 2 potions of invisibility
 f - 3 potions of haste
 j - 5 potions of magic
 l - 5 potions of cancellation
 o - 8 potions of attraction
 p - 4 potions of brilliance
 s - 3 potions of flight
 B - a potion of ambrosia
 E - a potion of resistance
 G - 3 potions of berserk rage
 I - a potion of mutation {!q}
 M - 8 potions of might
Miscellaneous
 N - a condenser vane (inert)
 Q - a lightning rod (4/4)


   Skills:
 + Level 13.2 Fighting
 - Level 14.0 Polearms
 + Level 9.4 Dodging
 - Level 1.7 Stealth
 - Level 15.0 Shields
 - Level 14.3 Spellcasting
 - Level 7.7 Conjurations
 - Level 2.0 Necromancy
 - Level 11.1 Transmutations
 - Level 17.1 Fire Magic
 - Level 11.1 Earth Magic
 - Level 12.0 Invocations
 - Level 10.0 Evocations


You had one spell level left.
You knew the following spells:

 Your Spells              Type           Power        Failure   Level
a - Iron Shot             Conj/Erth      30%          4%          6
b - Conjure Flame         Conj/Fire      70%          1%          3
c - Sticky Flame          Conj/Fire      70%          1%          4
d - Fireball              Conj/Fire      35%          1%          5
e - Ignition              Fire           41%          7%          8
f - Irradiate             Conj/Tmut      30%          1%          5
g - Bolt of Magma         Conj/Fire/Erth 34%          1%          5
r - Statue Form           Tmut/Erth      44%          1%          6
w - Borgnjor's Vile Clut  Necr/Erth      25%          2%          5

Your spell library contained the following spells:

 Spells                   Type           Power        Failure   Level
 Foxfire                  Conj/Fire      100%         0%          1
 Apportation              Tloc           36%          1%          1
 Beastly Appendage        Tmut           100%         1%          1
 Corona                   Hex            20%          1%          1
 Freeze                   Ice            72%          1%          1
 Magic Dart               Conj           100%         1%          1
 Sandblast                Erth           100%         1%          1
 Shock                    Conj/Air       100%         1%          1
 Sting                    Tmut/Pois      100%         1%          1
 Blink                    Tloc           N/A          1%          2
 Corpse Rot               Necr/Air       N/A          1%          2
 Ensorcelled Hibernation  Hex/Ice        36%          1%          2
 Passwall                 Tmut/Erth      55%          1%          2
 Poisonous Vapours        Pois/Air       36%          1%          2
 Searing Ray              Conj           100%         1%          2
 Slow                     Hex            18%          1%          2
 Sublimation of Blood     Necr           14%          1%          2
 Swiftness                Air            18%          1%          2
 Wereblood                Tmut           66%          1%          2
 Dazzling Flash           Conj/Hex       76%          1%          3
 Ignite Poison            Fire/Tmut/Pois 61%          1%          3
 Inner Flame              Hex/Fire       58%          1%          3
 Mephitic Cloud           Conj/Pois/Air  32%          1%          3
 Spider Form              Tmut/Pois      23%          1%          3
 Static Discharge         Conj/Air       38%          1%          3
 Stone Arrow              Conj/Erth      100%         1%          3
 Ice Form                 Ice/Tmut       47%          1%          4
 Leda's Liquefaction      Hex/Erth       23%          1%          4
 Petrify                  Tmut/Erth      66%          1%          4
 Blade Hands              Tmut           33%          1%          5
 Iskenderun's Battlesphe  Conj           56%          1%          5
 Lee's Rapid Deconstruct  Erth           33%          1%          5
 Hydra Form               Tmut           33%          1%          6
 Starburst                Conj/Fire      35%          1%          6
 Fulminant Prism          Conj/Hex       19%          2%          4
 Hailstorm                Conj/Ice       38%          2%          4
 Iskenderun's Mystic Bla  Conj/Tloc      38%          2%          4
 Confusing Touch          Hex            18%          3%          3
 Frozen Ramparts          Ice            36%          3%          3
 Gell's Gravitas          Tloc           9%           3%          3
 Lesser Beckoning         Tloc           9%           3%          3
 Ozocubu's Armour         Ice            18%          3%          3
 Portal Projectile        Hex/Tloc       36%          3%          3
 Teleport Other           Tloc           18%          3%          3
 Alistair's Intoxication  Tmut/Pois      31%          3%          5
 Yara's Violent Unravell  Hex/Tmut       23%          3%          5
 Dispel Undead            Necr           29%          5%          4
 Lightning Bolt           Conj/Air       19%          7%          5
 Dragon Form              Tmut           33%          11%         7
 Airstrike                Air            9%           12%         4
 Cause Fear               Hex            9%           12%         4
 Olgreb's Toxic Radiance  Pois           18%          12%         4
 Passage of Golubria      Tloc           N/A          12%         4
 Summon Ice Beast         Ice/Summ       18%          12%         4
 Summon Lightning Spire   Summ/Air       18%          12%         4
 Agony                    Necr           29%          14%         5
 Excruciating Wounds      Necr           14%          14%         5
 Eringya's Noxious Bog    Tmut/Pois      23%          19%         6
 Metabolic Englaciation   Hex/Ice        9%           32%         5
 Silence                  Hex/Air        9%           32%         5
 Summon Forest            Summ/Tloc      9%           32%         5
 Conjure Ball Lightning   Conj/Air       19%          34%         6
 Freezing Cloud           Conj/Ice/Air   16%          52%         6
 Simulacrum               Ice/Necr       11%          71%         6
 Ozocubu's Refrigeration  Ice            9%           85%         6
 Shadow Creatures         Summ           N/A          85%         6
 Spellforged Servitor     Conj/Summ      19%          87%         7
 Malign Gateway           Summ/Tloc      9%           100%        7
 Monstrous Menagerie      Summ           9%           100%        7
 Summon Greater Demon     Summ           9%           100%        7
 Summon Hydra             Summ           9%           100%        7
 Chain Lightning          Conj/Air       19%          100%        8
 Disjunction              Tloc           9%           100%        8
 Summon Horrible Things   Summ           9%           100%        8
 Shatter                  Erth           33%          100%        9
 Tornado                  Air            9%           100%        9


Dungeon Overview and Level Annotations

Branches:
Dungeon (15/15)            Temple (1/1) D:5            Lair (6/6) D:11
 Shoals (4/4) Lair:3        Snake (4/4) Lair:2        Slime (0/5) Lair:6
    Orc (2/2) D:12            Elf (0/3) Orc:2        Vaults (5/5) D:14
  Crypt (0/3) Vaults:2     Depths (0/5) D:15          Sewer (visited)
  IceCv (visited)         Desolation (visited)

Altars:
Ashenzari
Cheibriados
Dithmenos
Elyvilon
Fedhas
Gozag
Hepliaklqana
Kikubaaqudgha
Makhleb
Nemelex Xobeh
Okawaru
Qazlal
Ru
Sif Muna
Trog
Uskayaw
Vehumet
Wu Jian
Xom
Yredelemnul
Zin
The Shining One
Beogh
Lugonu

Shops:
D:5 ?   D:7 [   D:10 [   D:15 [   Orc:1 [   Orc:2 :[([   Shoals:3 ?   Snake:1 *
Snake:2 !}   Snake:3 ?   Vaults:3 :   Vaults:4 [[[

Portals:
Abyss: Snake:2

Annotations:
Lair:5 3 runed translucent doors, Vig Uhad's ghost, journeyman OpTm
Snake:1 3 runed translucent doors, exclusion: obsidian statue, Xinguf's ghost, adept BaAE
Vaults:5 Margery


Innate Abilities, Weirdness & Mutations

((You can breathe blasts of fire.))
((Your fiery red scales are hard. (AC +11)))
You cannot fit into any form of body armour.
Your flesh is heat resistant. (rF+)
You are cold-blooded and may be slowed by cold attacks.


Message History

The shadow dragon breathes negative energy at you.
The bolt of negative energy hits you! You partially resist.
You feel drained.
* * * LOW HITPOINT WARNING * * *
You block the fire giant's attack. You block the ettin's attack.
The ettin hits you with a +1 dire flail of holy wrath!!
* * * LOW HITPOINT WARNING * * *
The shadow dragon bites you but does no damage.
The shadow dragon barely misses you.
The shadow dragon claws you but does no damage.
Okay, then.
Okay, then.
You feel much better.
The ettin hits you with a +0 dire flail.
* * * LOW HITPOINT WARNING * * *
The ettin closely misses you. The fire giant barely misses you.
You block the shadow dragon's attack.
The shadow dragon claws you but does no damage.
You block the shadow dragon's attack. You block the ettin's attack.
The ettin hits you with a +1 dire flail of holy wrath!!!
You die...

#################...(#
....................(#
...................((#
.....................#
...............(.....#
#################....#
#e....# #..#..#
#8C#..# #DC# .# ...#
.# ....# # .....#
......# #......#
#......#


You could see a shadow dragon (catching breath), a fire giant, an ettin and a
deep elf archer (repels missiles).

Vanquished Creatures
  Jory (Vaults:5)
  A tentacled monstrosity (Vaults:5)
  Jorgrun (Orc:2)
  Polyphemus (Shoals:4)
  2 quicksilver dragons (Vaults:5)
  An ancient champion (Vaults:2)
  2 sphinxes (Vaults:5)
  2 tengu reavers
  Kirke (Lair:4)
  Ilsuiw (Shoals:3)
  2 storm dragons
  Donald (Shoals:4)
  Frances (D:12)
  Roxanne (Shoals:1)
  4 shadow dragons
  11 nagarajas (Snake:4)
  A fire giant (Vaults:4)
  Aizul (Snake:4)
  A frost giant (Vaults:4)
  An iron dragon (Vaults:5)
  An orc warlord (Orc:2)
  A deep elf sorcerer (Vaults:4)
  The ghost of Kiokkeho the Brawler, a journeyman TrMo of Qazlal (D:13)
  8 vault wardens
  13 ironheart preservers
  2 very ugly things (IceCv)
  8 stone giants
  A deep elf demonologist (Vaults:4)
  An entropy weaver (Vaults:2)
  4 deep elf annihilators
  4 ettins
  3 merfolk javelineers
  An eidolon (Vaults:2)
  A deep elf death mage (Vaults:4)
  7 merfolk impalers
  A fire dragon (D:15)
  3 great orbs of eyes
  9 yaktaur captains
  A servant of whispers (Desolation)
  2 deep elf high priests (Vaults:5)
  Josephine (D:11)
  3 ragged hierophants (Desolation)
  An ice dragon (D:15)
  10 naga warriors
  3 boulder beetles
  31 vault guards
  7 hydras
  5 catoblepae
  4 merfolk avatars
  12 anacondas
  An alligator snapping turtle (Shoals:4)
  3 death knights
  The ghost of kuzco6543 the Fighter, a novice MiMo of Makhleb (D:13)
  7 centaur warriors
  15 death yaks
  2 orc high priests (Orc:2)
  A vampire mage (Vaults:2)
  8 shock serpents
  A deep troll earth mage (D:13)
  33 two-headed ogres
  10 ogre magi
  6 merfolk aquamancers
  A satyr (Shoals:1)
  11 naga sharpshooters
  A shock serpent (shapeshifter) (Vaults:4)
  Nergalle (D:10)
  2 deep elf knights
  5 hell knights
  2 shadow wraiths
  Sonja (D:11)
  6 skeletal warriors
  2 salamander mystics
  6 unseen horrors
  A storm dragon skeleton (Vaults:1)
  8 deep trolls
  3 wizards
  4 naga ritualists
  2 deep elf archers (Vaults:4)
  15 sea snakes
  5 necromancers
  12 ironbrand convokers
  21 harpies
  2 human zombies (Vaults:4)
  A tengu skeleton (Vaults:1)
  A phantasmal warrior (Vaults:2)
  11 deep elf magi
  19 ugly things
  11 orc knights
  4 oklob plants (Lair:5)
  11 manticores
  11 mana vipers
  4 orc sorcerers
  11 fauns
  A stone giant zombie (Vaults:4)
  A shadow dragon skeleton (Vaults:4)
  4 cyclopes
  A manticore (shapeshifter) (Vaults:2)
  7 salamanders
  Maurice (Orc:2)
  5 ice statues (IceCv)
  15 guardian serpents
  A centaur zombie (D:11)
  19 elephants
  9 merfolk sirens
  18 naga magi
  A torpor snail (Lair:1)
  6 water nymphs
  A stone giant skeleton (Vaults:4)
  32 black mambas
  A centaur skeleton (D:11)
  A kobold demonologist (D:9)
  9 cane toads
  A fire giant skeleton (Vaults:1)
  4 gargoyles
  10 vault sentinels
  7 freezing wraiths
  6 komodo dragons
  2 anaconda simulacra (IceCv)
  An efreet (D:13)
  4 human skeletons
  19 yaktaurs
  33 merfolk
  A tengu conjurer (D:14)
  5 wind drakes
  A golden dragon simulacrum (IceCv)
  6 trolls
  A shadow dragon simulacrum (Vaults:3)
  A jumping spider (Vaults:2)
  A tengu simulacrum (Vaults:3)
  2 hornets
  22 saltlings
  A hornet (shapeshifter) (Vaults:4)
  31 slime creatures
  22 blink frogs
  9 snapping turtles
  3 dream sheep (Shoals:4)
  A fire giant simulacrum (Vaults:2)
  An ettin zombie (Vaults:4)
  An elf skeleton (Vaults:4)
  3 redbacks (Vaults:2)
  A redback (shapeshifter) (Vaults:4)
  2 ettin skeletons (Vaults:4)
  5 shadows
  8 wraiths
  A dire elephant simulacrum (IceCv)
  54 yaks
  3 vampires
  17 water elementals
  6 hogs
  Grum (D:11)
  8 vampire mosquitoes
  10 wargs
  2 basilisks
  A human simulacrum (Vaults:3)
  A yaktaur simulacrum (Vaults:4)
  2 harpy simulacra (IceCv)
  An iron troll simulacrum (IceCv)
  52 nagas
  3 acid dragons
  11 water moccasins
  10 ice beasts
  48 orc warriors
  A black bear (Lair:2)
  25 ogres
  3 phantoms
  3 sky beasts
  An elf zombie (Vaults:4)
  3 ettin simulacra
  9 boggarts (Vaults:2)
  7 wolves
  12 centaurs
  13 big kobolds
  20 bullfrogs
  2 wyvern zombies
  A gnoll sergeant (D:7)
  A wyvern skeleton (D:13)
  8 scorpions
  16 killer bees
  7 wights
  3 electric eels
  3 howler monkeys
  7 crimson imps (D:7)
  9 jellies
  2 quasits
  Crazy Yiuf (D:5)
  4 hounds
  27 orc wizards
  2 bullfrog skeletons
  3 bullfrog zombies
  19 orc priests
  5 gnoll shamans (D:5)
  5 iguanas
  7 hell rats
  7 worker ants
  A killer bee zombie (D:7)
  A bullfrog simulacrum (D:13)
  A hound zombie (D:7)
  2 hound skeletons
  Robin (D:2)
  40 gnolls
  11 adders
  A howler monkey skeleton (D:4)
  8 river rats
  2 shadow imps
  2 white imps (D:7)
  6 ufetubi
  2 oozes
  An adder zombie (D:7)
  4 worms
  A dart slug (D:2)
  5 leopard geckos
  134 orcs
  2 giant cockroaches
  18 goblins
  11 hobgoblins
  34 jackals
  4 quokkas
  9 ball pythons
  8 bats
  2 frilled lizards
  38 kobolds
  A leopard gecko skeleton (D:6)
  2 quokka skeletons
  23 rats
  2 lurking horrors (Snake:2)
1661 creatures vanquished.

Vanquished Creatures (collateral kills)
  2 slime creatures (D:12)
  A wyvern (D:12)
  2 orcs (D:12)
5 creatures vanquished.

Vanquished Creatures (others)
  A shadow dragon (Vaults:5)
  A fire giant (Vaults:4)
  An ironheart preserver (Vaults:4)
  2 harpies (Shoals:4)
  A manticore (Shoals:4)
  A black mamba (Snake:4)
  A vault sentinel (Vaults:5)
  A merfolk (Shoals:4)
  A water elemental (Shoals:3)
  A shadow (D:11)
  A soldier ant (D:13)
  An orc warrior (D:13)
  An ogre (Vaults:5)
  A crimson imp (D:7)
  1419 foxfires
  38 fungi
  305 plants
1777 creatures vanquished.

Grand Total: 3443 creatures vanquished

Notes
Turn   | Place    | Note
-------+----------+-------------------------------------------
     0 | D:1      | Aviak the Draconian Fire Elementalist began the quest for
                  | the Orb.
     0 | D:1      | Reached XP level 1. HP: 14/14 MP: 3/3
     2 | D:1      | Noticed a naga
     2 | D:1      | Noticed a centaur
     4 | D:1      | Noticed a ghoul
     6 | D:1      | Noticed an octopode
     8 | D:1      | Noticed an elf
    10 | D:1      | Noticed a dwarf
    10 | D:1      | Noticed a demigod
    12 | D:1      | Noticed a halfling
    14 | D:1      | Noticed a felid
    14 | D:1      | Noticed a merfolk
    16 | D:1      | Noticed a troll
    16 | D:1      | Noticed a minotaur
    18 | D:1      | Noticed a draconian
    18 | D:1      | Noticed a human
    20 | D:1      | Noticed a formicid
    20 | D:1      | Noticed a spriggan
    22 | D:1      | Noticed a demonspawn
    22 | D:1      | Noticed a vampire
    24 | D:1      | Noticed an ogre
    24 | D:1      | Noticed a gargoyle
    26 | D:1      | Noticed a vine stalker
    26 | D:1      | Noticed a tengu
   373 | D:1      | Reached XP level 2. HP: 20/20 MP: 0/5
  1349 | D:2      | Noticed Robin
  1369 | D:2      | Reached XP level 3. HP: 23/26 MP: 0/6
  1376 | D:1      | Learned a level 3 spell: Conjure Flame
  1719 | D:2      | Killed Robin
  1720 | D:2      | Reached XP level 4. HP: 28/33 MP: 0/7
  2762 | D:3      | Found a glowing drain.
  2776 | D:3      | Reached XP level 5. HP: 35/38 MP: 0/9
  2788 | Sewer    | Entered a sewer
  3075 | Sewer    | Reached skill level 4 in Fire Magic
  3722 | Sewer    | Reached XP level 6. HP: 41/45 MP: 0/10
  4574 | D:4      | Found a basalt altar of Yredelemnul.
  5093 | D:4      | Your scales start taking on a fiery red colour.
  5093 | D:4      | Reached skill level 6 in Fire Magic
  5093 | D:4      | Reached XP level 7. HP: 37/50 MP: 2/11
  5093 | D:4      | Gained mutation: Your flesh is heat resistant. (rF+) [Red
                  | Draconian growth]
  5618 | D:5      | Entered Level 5 of the Dungeon
  5814 | D:5      | Learned a level 4 spell: Sticky Flame
  6413 | D:5      | Found a staircase to the Ecumenical Temple.
  6523 | Temple   | Entered the Ecumenical Temple
  6622 | Temple   | Became a worshipper of Sif Muna the Loreminder
  6788 | D:5      | Found Arusmy's Magic Scroll Shop.
  6793 | D:5      | Bought a scroll of enchant armour for 82 gold pieces
  6793 | D:5      | Bought a scroll of identify for 22 gold pieces
  6793 | D:5      | Bought a scroll of identify for 22 gold pieces
  6793 | D:5      | Bought a scroll of identify for 22 gold pieces
  6970 | D:5      | Found a runed translucent door.
  6971 | D:5      | Noticed Crazy Yiuf
  7261 | D:5      | Reached skill level 5 in Conjurations
  7274 | D:5      | Reached skill level 7 in Fire Magic
  7316 | D:5      | Reached skill level 5 in Dodging
  7316 | D:5      | Reached XP level 8. HP: 53/57 MP: 6/12
  7323 | D:5      | Reached * piety under Sif Muna
  8195 | D:5      | Reached ** piety under Sif Muna
  8428 | D:5      | Killed Crazy Yiuf
  8429 | D:5      | Reached skill level 8 in Fire Magic
  8688 | D:6      | Learned a level 5 spell: Fireball
  9532 | D:7      | Reached XP level 9. HP: 62/62 MP: 7/13
  9733 | D:7      | Reached skill level 9 in Fire Magic
  9737 | D:7      | Reached skill level 1 in Fighting
  9806 | D:7      | Found a stormy altar of Qazlal.
 10852 | D:7      | Found Odiynatt's Armour Emporium.
 10855 | D:7      | Bought a +0 kite shield of fire resistance for 161 gold
                  | pieces
 11139 | D:7      | Got a crude mace
 11140 | D:7      | Identified the cursed +2 mace "Mamos" {vorpal, rElec rF-
                  | Dex+4} (You found it on level 7 of the Dungeon)
 11171 | D:8      | Noticed a two-headed ogre
 11177 | D:8      | Killed a two-headed ogre
 11178 | D:8      | Reached skill level 10 in Fire Magic
 11267 | D:8      | Reached *** piety under Sif Muna
 11544 | D:8      | Reached XP level 10. HP: 80/80 MP: 11/14
 11739 | D:8      | Reached skill level 5 in Fighting
 11853 | D:8      | Found a bloodstained altar of Trog.
 13146 | D:9      | Reached skill level 11 in Fire Magic
 13726 | D:10     | Entered Level 10 of the Dungeon
 13735 | D:10     | Reached skill level 1 in Invocations
 14022 | D:10     | Reached skill level 5 in Polearms
 14034 | D:10     | Noticed an unseen horror
 14038 | D:10     | Killed an unseen horror
 14381 | D:10     | Found Unolitwi's Antique Armour Shop.
 14538 | D:10     | Reached **** piety under Sif Muna
 14660 | D:10     | Noticed an unseen horror
 14663 | D:10     | Killed an unseen horror
 14664 | D:10     | Reached XP level 11. HP: 58/92 MP: 7/15
 15422 | D:11     | Noticed Nergalle
 15430 | D:10     | Killed Nergalle
 15682 | D:10     | Reached skill level 12 in Fire Magic
 15807 | D:11     | Noticed Grum
 15815 | D:11     | Killed Grum
 15881 | D:11     | Found a staircase to the Lair.
 16047 | D:11     | Noticed a two-headed ogre
 16056 | D:11     | Killed a two-headed ogre
 16057 | D:11     | Reached skill level 5 in Invocations
 16420 | D:11     | Noticed Josephine
 16425 | D:11     | Noticed a cyan ugly thing
 16488 | D:11     | Found the +7 great mace "Firestarter" {inner flame, rF++}
 16781 | D:11     | Killed a cyan ugly thing
 16968 | D:11     | Killed Josephine
 16977 | D:11     | Got a smoking diamond amulet
 16978 | D:11     | Identified the amulet "Zurghug Pota" {Spirit Fragile rPois
                  | Str-2 Dex+7} (You found it on level 11 of the Dungeon)
 17364 | D:11     | Noticed Sonja
 17368 | D:11     | Killed Sonja
 17589 | D:11     | You fall into a shaft and drop 3 floors!
 17590 | D:14     | Noticed an orc knight
 17590 | D:14     | Noticed an ogre mage
 17594 | D:14     | Noticed an orc knight
 17601 | D:14     | Killed an ogre mage
 17759 | D:13     | Reached XP level 12. HP: 98/104 MP: 11/16
 17789 | D:13     | Reached skill level 13 in Fire Magic
 17940 | D:12     | Noticed an eight-headed hydra
 18376 | D:12     | Noticed Frances
 18610 | D:13     | Learned a level 3 spell: Inner Flame
 19336 | D:12     | Killed an eight-headed hydra
 19403 | D:12     | Reached skill level 10 in Fighting
 19428 | D:12     | Noticed a two-headed ogre
 19437 | D:12     | Killed a two-headed ogre
 20052 | Lair:1   | Entered Level 1 of the Lair of Beasts
 21497 | Lair:1   | Reached ***** piety under Sif Muna
 21497 | Lair:1   | Identified Sif Muna's Reference Book on the Compass and
                  | Arcane Weapons (Sif Muna gifted it to you on level 1 of the
                  | Lair of Beasts)
 21497 | Lair:1   | Received a gift from Sif Muna
 21685 | Lair:2   | Reached XP level 13. HP: 80/116 MP: 1/19
 22233 | Lair:2   | Found a staircase to the Snake Pit.
 23122 | Lair:3   | Found a staircase to the Shoals.
 23244 | Lair:3   | Reached skill level 10 in Polearms
 24033 | Lair:3   | Reached skill level 10 in Invocations
 24520 | Lair:4   | Noticed Kirke
 24822 | Lair:4   | Reached skill level 5 in Spellcasting
 25510 | Lair:4   | Killed Kirke
 26301 | Lair:5   | Noticed Vig Uhad's ghost (journeyman OpTm)
 26302 | Lair:5   | Noticed a minotaur
 26334 | Lair:5   | Found a runed translucent gate.
 26334 | Lair:5   | Found a runed translucent gate.
 26334 | Lair:5   | Found a runed translucent gate.
 26768 | Lair:5   | Identified the Collected Works on the Glacial Rocks
 26774 | Lair:5   | Got a bound tin ring
 26796 | Lair:5   | Identified the ring of Xom Asoi {*Slow rElec rC+ Str+4}
                  | (You found it on level 5 of the Lair of Beasts)
 27006 | Lair:5   | Found a glowing golden altar of the Shining One.
 27343 | Lair:6   | Entered Level 6 of the Lair of Beasts
 28075 | Lair:6   | Reached XP level 14. HP: 107/124 MP: 16/24
 29187 | Lair:6   | Learned a level 6 spell: Statue Form
 29455 | Lair:6   | Reached skill level 1 in Transmutations
 29581 | Lair:6   | Reached skill level 1 in Earth Magic
 29865 | Lair:6   | Found a staircase to the Slime Pits.
 29879 | Lair:6   | Reached skill level 1 in Shields
 33422 | D:12     | Reached skill level 5 in Transmutations
 33422 | D:12     | Reached skill level 5 in Earth Magic
 33507 | D:12     | Reached skill level 5 in Shields
 33774 | D:12     | Killed Frances
 34005 | D:12     | Reached XP level 15. HP: 80/129 MP: 4/26
 34183 | D:12     | Found a staircase to the Orcish Mines.
 34189 | D:12     | Identified Sif Muna's Reference Book on Flamy Attacks (Sif
                  | Muna gifted it to you on level 12 of the Dungeon)
 34189 | D:12     | Received a gift from Sif Muna
 34563 | Orc:1    | Entered Level 1 of the Orcish Mines
 34946 | Orc:2    | Entered Level 2 of the Orcish Mines
 34980 | Orc:2    | Noticed Maurice
 34988 | Orc:2    | Killed Maurice
 35239 | Orc:2    | Found a roughly hewn altar of Beogh.
 35339 | Orc:2    | Found Daifa's Book Emporium.
 35376 | Orc:2    | Found a roughly hewn altar of Beogh.
 35633 | Orc:1    | Found a roughly hewn altar of Beogh.
 35805 | Orc:1    | Found Puhuc's Armour Shop.
 36136 | Orc:1    | Bought a +2 cloak for 247 gold pieces
 36415 | Orc:2    | Found a staircase to the Elven Halls.
 36521 | Orc:2    | Noticed Jorgrun
 36541 | Orc:2    | Killed Jorgrun
 36768 | Orc:2    | Noticed an orc warlord
 36789 | Orc:2    | Killed an orc warlord
 37467 | Orc:2    | Learned a level 5 spell: Bolt of Magma
 37574 | Orc:2    | Found a roughly hewn altar of Beogh.
 37602 | Orc:2    | Found Ecaesuf's Armour Emporium.
 37752 | Orc:2    | Found Hics's Antique Armour Emporium.
 37753 | Orc:2    | Found a roughly hewn altar of Beogh.
 37756 | Orc:2    | Found Suetodum's Antique Weapon Shoppe.
 37768 | Orc:2    | Bought a pair of embroidered gloves for 150 gold pieces
 38792 | D:13     | Identified the amulet "Oroosiy" {Acrobat rC+ Int+4}
 39070 | D:13     | Received a gift from Sif Muna
 39421 | D:13     | Found a runed translucent gate.
 39421 | D:13     | Found a runed translucent gate.
 39421 | D:13     | Found a runed translucent gate.
 39423 | D:13     | Noticed kuzco6543's ghost (novice MiMo)
 39425 | D:13     | Noticed Kiokkeho's ghost (journeyman TrMo)
 39682 | D:13     | Killed kuzco6543's ghost
 39714 | D:13     | Killed Kiokkeho's ghost
 41455 | D:14     | Found a gate to the Vaults.
 42189 | D:15     | Entered Level 15 of the Dungeon
 43171 | D:15     | Reached XP level 16. HP: 133/137 MP: 21/27
 43409 | D:15     | Found Bautan's Armour Shop.
 43416 | D:15     | Bought a +2 pair of gloves of strength for 236 gold pieces
 43550 | D:15     | Found a staircase to the Depths.
 43797 | Snake:1  | Entered Level 1 of the Snake Pit
 44086 | Snake:1  | Found a runed translucent gate.
 44087 | Snake:1  | Found a runed translucent gate.
 44087 | Snake:1  | Found a runed translucent gate.
 44087 | Snake:1  | Found an opulent altar of Gozag.
 44087 | Snake:1  | Found Ifih's Assorted Antiques.
 44087 | Snake:1  | Noticed Xinguf's ghost (adept BaAE)
 46421 | Snake:2  | Found a corrupted altar of Lugonu.
 46424 | Snake:2  | Found a one-way gate to the infinite horrors of the Abyss.
 46788 | Snake:2  | Found Sitweext's Gadget Emporium.
 46788 | Snake:2  | Found Wute Agirare's Distillery.
 46933 | Snake:2  | Bought 2 potions of heal wounds for 140 gold pieces
 46933 | Snake:2  | Bought a potion of might for 56 gold pieces
 46933 | Snake:2  | Bought a potion of heal wounds for 70 gold pieces
 46939 | Snake:2  | Bought a condenser vane for 720 gold pieces
 46939 | Snake:2  | Bought a wand of acid (6) for 360 gold pieces
 47562 | Snake:3  | Identified 2 scrolls of acquirement
 47563 | Snake:3  | Acquired the ring of Ecwin {Wiz Str+6}
 47568 | Snake:3  | Acquired a +1 tower shield of protection
 47706 | Snake:3  | Received a gift from Sif Muna
 48101 | Snake:3  | Reached skill level 10 in Transmutations
 48101 | Snake:3  | Reached skill level 10 in Earth Magic
 48110 | Snake:3  | Reached skill level 10 in Shields
 48737 | Snake:3  | Acquired a +3 demon trident of venom
 49177 | Snake:3  | Found Lacoes's Magic Scroll Shoppe.
 49184 | Snake:3  | Bought a scroll of identify for 32 gold pieces
 49432 | Snake:4  | Entered Level 4 of the Snake Pit
 49904 | Snake:4  | Identified the +4 spear "Xilacin" {flame, +Rage +Fly rN+
                  | Stlth-} (You found it on level 4 of the Snake Pit)
 50536 | Snake:4  | Reached XP level 17. HP: 110/144 MP: 28/28
 50606 | Snake:4  | Noticed Aizul
 50620 | Snake:4  | Killed Aizul
 50888 | Snake:4  | Received a gift from Sif Muna
 51178 | Snake:4  | Reached skill level 1 in Evocations
 52228 | Snake:4  | Got a serpentine rune of Zot
 52476 | Shoals:1 | Entered Level 1 of the Shoals
 53371 | Shoals:1 | Identified Roxanne's Disquisition on the Rocks
 53371 | Shoals:1 | Noticed Roxanne
 53401 | Shoals:1 | Killed Roxanne
 53596 | Shoals:2 | Reached skill level 5 in Evocations
 53830 | Shoals:2 | Identified Sif Muna's Handbook of Warped Transformation
                  | (Sif Muna gifted it to you on level 2 of the Shoals)
 53830 | Shoals:2 | Received a gift from Sif Muna
 54612 | Shoals:3 | Noticed Ilsuiw
 54616 | Shoals:3 | Reached XP level 18. HP: 151/151 MP: 20/31
 54655 | Shoals:3 | Killed Ilsuiw
 54852 | Shoals:3 | Found a frozen archway.
 54879 | IceCv    | Entered an ice cave
 56409 | Shoals:3 | Found Ukhudefung's Magic Scroll Emporium.
 56417 | Shoals:3 | Bought a scroll of teleportation for 57 gold pieces
 56417 | Shoals:3 | Bought a scroll of blinking for 142 gold pieces
 56469 | Shoals:4 | Entered Level 4 of the Shoals
 56785 | Shoals:4 | Noticed Donald
 56785 | Shoals:4 | Noticed Polyphemus
 56960 | Shoals:4 | Reached skill level 10 in Spellcasting
 57509 | Shoals:4 | Killed Donald
 57612 | Shoals:4 | Received a gift from Sif Muna
 58084 | Shoals:4 | Killed Polyphemus
 58318 | Shoals:4 | Got a barnacled rune of Zot
 58357 | Shoals:4 | Found the brooch of Shielding {Spirit SH+8}
 58964 | Vaults:1 | Entered Level 1 of the Vaults
 59079 | Vaults:1 | Found a blossoming altar of Fedhas.
 59082 | Vaults:1 | Found a ruined gateway.
 59097 | Desolati | Entered the Desolation of Salt
 59215 | Desolati | Reached XP level 19. HP: 60/157 MP: 28/34
 59236 | Desolati | HP: 6/204 [saltling (12)]
 59669 | Vaults:1 | Learned a level 5 spell: Borgnjor's Vile Clutch
 59676 | Vaults:1 | Learned a level 6 spell: Iron Shot
 59684 | Vaults:1 | Learned a level 5 spell: Irradiate
 60199 | Vaults:1 | Paralysed by a wizard for 6 turns
 60860 | Vaults:1 | Received a gift from Sif Muna
 61332 | Vaults:2 | Reached skill level 1 in Necromancy
 61346 | Vaults:2 | Reached skill level 10 in Evocations
 62252 | Vaults:2 | Found a staircase to the Crypt.
 62259 | Vaults:2 | Reached skill level 14 in Fire Magic
 62498 | Vaults:2 | Paralysed by a wizard for 5 turns
 63115 | Vaults:2 | Reached skill level 15 in Shields
 63362 | Vaults:2 | Identified Sif Muna's Catalogue of Mutagenic Clay (Sif Muna
                  | gifted it to you on level 2 of the Vaults)
 63362 | Vaults:2 | Received a gift from Sif Muna
 64062 | Vaults:3 | Reached XP level 20. HP: 165/165 MP: 29/36
 64279 | Vaults:3 | Found Henic's Book Shoppe.
 64505 | Vaults:3 | Reached skill level 15 in Fire Magic
 65475 | Vaults:4 | Found Gozag's Antique Armour Boutique.
 65493 | Vaults:4 | Found Gozag's Antique Armour Shop.
 65496 | Vaults:4 | Found an opulent altar of Gozag.
 65518 | Vaults:4 | Found Gozag's Antique Armour Shop.
 65822 | Vaults:4 | Identified Sif Muna's Collected Works on the Glacier and
                  | the Traveller (Sif Muna gifted it to you on level 4 of the
                  | Vaults)
 65822 | Vaults:4 | Received a gift from Sif Muna
 65823 | Vaults:4 | Reached skill level 16 in Fire Magic
 66483 | Vaults:4 | Found a portal to a secret trove of treasure.
 66498 | Vaults:4 | You paid a toll of 7 scrolls of fog to enter a treasure
                  | trove
 66499 | Trove    | Entered a treasure trove
 66509 | Trove    | Got a sparkling platinum ring
 66518 | Trove    | Got a brightly glowing marble ring
 66547 | Vaults:4 | Identified the ring "Ujainly" {+Fly rF+ Int+3} (You found
                  | it in a treasure trove)
 66549 | Vaults:4 | Identified the ring of Rayrix {rPois rF++} (You found it in
                  | a treasure trove)
 66878 | Vaults:4 | Learned a level 8 spell: Ignition
 67032 | Vaults:5 | Entered Level 5 of the Vaults
 67035 | Vaults:5 | Reached skill level 17 in Fire Magic
 67308 | Vaults:5 | Reached XP level 21. HP: 55/171 MP: 28/39
 67675 | Vaults:5 | Received a gift from Sif Muna
 67688 | Vaults:5 | Noticed Margery
 67689 | Vaults:5 | Noticed Jory
 68518 | Vaults:5 | Killed Jory
 68817 | Vaults:5 | Noticed a golden dragon
 68840 | Vaults:5 | HP: 10/206 [ettin/+0 dire flail (26)]
 68841 | Vaults:5 | Mangled by an ettin

Illustrated notes

Levels and vault maps discovered:
D:1:      kb_arrival_jail, layout_basic, minmay_misc_feat_x
D:2:      layout_rooms, uniq_robin
D:3:      layout_loops_ring, cheibrodos_sewer_entry_sluice
D:4:      layout_loops_ring, lemuel_round_altar
D:5:      lemuel_castle_with_subvaults [lemuel_castle_interior_carwin_3],
          layout_basic, minmay_temple_entry_junction, serial_shops,
          nicolae_shop_crystal, kennysheep_generic_room_4,
          uniq_crazy_yiuf_cottage
D:6:      layout_basic
D:7:      layout_loops_corners, basic_altar, serial_shops,
          nicolae_shop_behind_doors, minmay_nine_imps
D:8:      layout_cave_pods, basic_altar
D:9:      layout_gridville, special_room [special_room_kobold]
D:10:     layout_irregular_city, serial_shops, shop, minmay_diced_spiral
D:11:     layout_basic, erik_lair_orcish_takeover, uniq_nergalle, uniq_grum,
          uniq_sonja, uniq_josephine
D:12:     minmay_skewed_foursquare, layout_irregular_city, hiddenorc1_lemuel,
          st_stairs_8, minmay_curled_crystal, uniq_frances
D:13:     kennysheep_four_of_diamonds, layout_loops_ring,
          gammafunk_ghost_cemetery, serial_ice, serial_ice_c, serial_ice_o,
          serial_ice_g, serial_ice_k
D:14:     layout_basic, grunt_vaults_entry_fortified, chequers_arboretum
D:15:     grunt_enter_depths_hoard, layout_cave_pools, serial_shops, shop,
          skrybe_limestone_x
Temple:   kilobyte_greek_temple
Lair:1:   layout_cave_pods, lemuel_fruit_fields
Lair:2:   wander_river, layout_gridlike, minmay_snake_entry_guardpost_medium,
          infiniplex_staircase_pool
Lair:3:   layout_roguey, minmay_shoals_entry_centaurs
Lair:4:   layout_gridlike, chequers_serial_rivers_room_a, uniq_kirke
Lair:5:   layout_regular_city, basic_altar, maelrawn_ghost_gauntlet_escape,
          minmay_lair_oklob_chamber, serial_bayou_shore_a
Lair:6:   evilmike_catoblepas_cave, layout_regular_city,
          minmay_slime_entry_pillars, grunt_megastairs_1
Shoals:1: layout_shoals, uniq_roxanne
Shoals:2: cheibrodos_shoals_three_sisters, layout_shoals,
          nicolae_shoals_hunting_party
Shoals:3: layout_shoals, serial_shops, shop,
          portal_ice_cave_entry_frozen_things, uniq_ilsuiw
Shoals:4: shoals_end_grunt_garden, layout_shoals, uniq_polyphemus, uniq_donald
Snake:1:  layout_grid_maze, ebering_ghost_gozag, drop_trap
Snake:2:  layout_honeycomb, st_stairs_3, amcnicky_altar_lugonu_corruption,
          serial_bayou_shore_b, minmay_shoptagon
Snake:3:  layout_onion, serial_shops, shop_scrolls,
          nrook_guardian_serpent_ordinary
Snake:4:  grunt_snake_rune_serpentine_throne, layout_onion, uniq_aizul
Orc:1:    layout_caves, serial_shops, nicolae_shop_behind_doors,
          amcnicky_altar_gilded
Orc:2:    grunt_orc_community_town_hall, layout_diamond_mine,
          grunt_orc_community_big_house_2, grunt_orc_community_big_house_2,
          grunt_orc_community_house_2, grunt_orc_community_house_3,
          grunt_orc_community_house_2, grunt_orc_community_house_1,
          uniq_maurice, uniq_jorgrun
Vaults:1: v_rooms_4, nicolae_vaults_circle_grid_a, nicolae_vaults_what_the_h,
          hangedman_vaults_nails, nicolae_vaults_little_squares_5,
          nicolae_vaults_little_ls, vaults_room_fancy_cross, vaults_dpeg_cross,
          nicolae_vaults_rhombus_6, layout_vaults_quadrants, basic_altar,
          portal_desolation_entry_nicolae_slug
Vaults:2: v_misc_28, v_misc_5, v_misc_15, st_lattice, v_misc_4,
          hangedman_vaults_hat, minmay_crypt_entry_simple_plaza,
          vaults_dpeg_encased_lava, v_misc_17, nicolae_vaults_border_crossing,
          ontoclasm_vaults_ring_small, nicolae_vaults_little_squares_5,
          layout_vaults_chaotic_city
Vaults:3: ontoclasm_vaults_bender, nicolae_vaults_hallways_thing,
          hangedman_vaults_stretched_pinwheel, nicolae_vaults_alarming,
          vaults_room_hallway, vaults_room_pool,
          ontoclasm_vaults_decontamination, nicolae_vaults_three_branches,
          layout_vaults_omnicross, serial_shops, shop
Vaults:4: kennysheep_vaults_gozag_temple, v_pattern_1, hangedman_vaults_locks,
          nicolae_vaults_mini_display_case, layout_vaults_maze_bifur,
          nicolae_trove_entry_isolated
Vaults:5: serial_shops, uniq_margery, uniq_jory

Skill      XL: |  1  2  3  4  5  6  7  8  9 10 11 12 13 14 15 16 17 18 19 20 21 |
---------------+----------------------------------------------------------------+-----
Dodging        | 2 3 4 5 6 7 9 |  9.4
Conjurations   | 2 3 4 5 6 7 |  7.7
Spellcasting   | 3 6 7 9 11 12 14 | 14.3
Fire Magic     | 4 6 7 8 10 11 12 13 14 17 | 17.1
Fighting       | 4 7 9 11 13 | 13.2
Polearms       | 2 5 7 9 11 12 13 14 | 14.0
Invocations    | 3 6 9 11 12 | 12.0
Transmutations | 5 8 10 11 | 11.1
Earth Magic    | 5 8 10 11 | 11.1
Shields        | 5 8 10 12 13 15 | 15.0
Evocations     | 5 8 10 | 10.0
Necromancy     | 2 |  2.0
Stealth        | |  1.7

Action                   |  1- 3 |  4- 6 |  7- 9 | 10-12 | 13-15 | 16-18 | 19-21 || total
-------------------------+-------+-------+-------+-------+-------+-------+-------++-------
Melee: Unarmed           |    21 |       |       |       |       |       |       ||    21
       Tailslap          |     2 |    11 |    48 |    55 |   270 |   200 |   118 ||   704
       Dagger            |    34 |    59 |   386 |       |       |       |       ||   479
       Whip              |       |    56 |       |       |       |       |       ||    56
       Spear             |       |       |    24 |   519 |  1477 |   365 |       ||  2385
       Demon trident     |       |       |       |       |       |   968 |   765 ||  1733
 Cast: Foxfire           |    71 |   158 |   298 |   274 |    28 |    10 |       ||   839
       Sticky Flame      |       |       |     6 |    78 |   189 |   108 |     5 ||   386
       Conjure Flame     |       |       |     1 |     1 |     4 |     2 |       ||     8
       Fireball          |       |       |       |    24 |   145 |   138 |    25 ||   332
       Inner Flame       |       |       |       |     1 |       |       |       ||     1
       Bolt of Magma     |       |       |       |       |     6 |    26 |     7 ||    39
       Statue Form       |       |       |       |       |     1 |    39 |    50 ||    90
       Ignition          |       |       |       |       |     1 |     1 |    17 ||    19
       Tornado           |       |       |       |       |       |     2 |       ||     2
       Borgnjor's Vile C |       |       |       |       |       |       |    66 ||    66
       Irradiate         |       |       |       |       |       |       |     4 ||     4
       Iron Shot         |       |       |       |       |       |       |    19 ||    19
Invok: Channel Magic     |       |       |       |     7 |     9 |    10 |     4 ||    30
       Divine Exegesis   |       |       |       |       |     1 |     3 |       ||     4
 Abil: Breathe Fire      |       |       |    19 |    32 |    80 |    25 |       ||   156
Evoke: Wand              |       |       |       |     2 |    16 |     5 |       ||    23
       Lightning rod     |       |       |       |       |    16 |    14 |     1 ||    31
       Condenser vane    |       |       |       |       |       |     6 |     4 ||    10
  Use: Scroll            |       |     5 |     8 |    11 |    12 |    28 |     9 ||    73
       Potion            |       |     2 |       |     2 |     5 |     7 |    23 ||    39
 Stab: Sleeping          |     1 |       |     1 |     4 |    11 |     5 |     5 ||    27
       Petrified         |       |       |       |       |     4 |       |       ||     4
       Distracted        |       |       |       |       |     1 |     3 |     2 ||     6
       Confused          |       |       |       |       |       |     1 |       ||     1
       Invisible         |       |       |       |       |       |     2 |       ||     2
Armor: Skin              |    45 |    80 |   172 |   212 |   329 |   780 |   401 ||  2019
Dodge: Dodged            |    66 |   126 |   369 |   479 |   767 |  1035 |   505 ||  3347
Block: Buckler           |       |       |       |       |   202 |       |       ||   202
       Kite shield       |       |       |       |       |       |  1119 |   643 ||  1762
       Reflection        |       |       |       |       |       |   113 |    65 ||   178
